 Dungeon Crawl Stone Soup version 0.25-a0-589-g1e14c549ee (webtiles) character file.

Game seed: 5830546785790409484, levelgen mode: deterministic

3579 Kohma the Spear-Bearer (level 9, -7/69 HPs)
             Began as a Demonspawn Gladiator on Mar 11, 2020.
             Was a Priest of Qazlal.
             Killed from afar by an acid dragon (8 damage)
             ... with a splash of acid
             ... on level 7 of the Dungeon.
             The game lasted 00:17:41 (5129 turns).

Kohma the Spear-Bearer (Demonspawn Gladiator)       Turns: 5129, Time: 00:17:42

Health: -7/69      AC: 21    Str: 17    XL:     9   Next: 84%
Magic:  14/14      EV: 10    Int: 10    God:    Qazlal [***...]
Gold:   94         SH:  4    Dex: 15    Spells: 8/8 levels left

rFire    . . .     SeeInvis .   a - +4 trident (protect)
rCold    . . .     Gourm    .   (no shield)
rNeg     + . .     Faith    .   D - +0 pearl dragon scales
rPois    .         Spirit   .   j - +0 helmet
rElec    .         Reflect  .   y - +2 cloak
rCorr    .         Harm     .   (no gloves)
MR       .....                  u - +1 pair of boots
Stlth    ..........             (no amulet)
HPRegen  0.21/turn              (no ring)
MPRegen  0.14/turn              (no ring)

@: about to teleport, corroded, protection aura
A: claws 1, demonic guardian 1, powered by death 2
a: Upheaval, Elemental Force, Renounce Religion


You were on level 7 of the Dungeon.
You worshipped Qazlal.
Qazlal was most pleased with you.
You were hungry.

You visited 1 branch of the dungeon, and saw 7 of its levels.

You collected 226 gold pieces.
You spent 132 gold pieces at shops.

Inventory:

Hand Weapons
 a - a +4 trident of protection (weapon)
 i - a +3 hunting sling
Missiles
 d - 4 throwing nets (quivered)
 g - 22 bolts
 m - 6 poisoned darts
 n - 305 stones
Armour
 j - a +0 helmet (worn)
 s - a scarf of repulsion
 u - a +1 pair of boots (worn)
 y - a +2 cloak (worn)
 D - +0 pearl dragon scales (worn)
Jewellery
 B - an uncursed ring of fire
Wands
 b - a wand of polymorph (6)
 h - a wand of random effects (17)
Scrolls
 c - 3 scrolls of enchant weapon
 p - 2 scrolls of remove curse
Potions
 e - 2 potions of curing
 o - a potion of flight
 q - 4 potions of brilliance
 r - a potion of cancellation
 t - 2 potions of might
 v - 2 potions of lignification
 w - a potion of ambrosia
 z - 2 potions of magic
 C - a potion of mutation
 E - a potion of invisibility
 F - a potion of resistance {unknown}
Comestibles
 f - 14 rations
 G - 4 chunks of flesh


   Skills:
 + Level 5.9 Fighting
 * Level 10.3 Polearms
 - Level 1.7 Throwing
 - Level 3.5 Armour
 - Level 3.0 Dodging
 + Level 7.2 Invocations


You had 8 spell levels left.
You didn't know any spells.
Your spell library was empty.

Dungeon Overview and Level Annotations

Branches:
Dungeon (7/15)
 Temple: D:4-7

Altars:
Ashenzari
Cheibriados
Dithmenos
Elyvilon
Kikubaaqudgha
Makhleb
Okawaru
Qazlal
Ru
Yredelemnul
Zin

Shops:
D:5 !   D:7 ?


Innate Abilities, Weirdness & Mutations

You have sharp fingernails.
A weak demonic guardian rushes to your aid.
You regenerate health from kills.


Message History

The acid dragon spits acid at you.
The splash of acid hits you but does no damage.
You are splashed with acid!
* * * LOW HITPOINT WARNING * * *
You feel better.
Your ufetubus closely misses something.
Your ufetubus hits something. Something hits you.
* * * LOW HITPOINT WARNING * * *
Something shocks you.
* * * LOW HITPOINT WARNING * * *
Your ufetubus misses something.
Your ufetubus barely misses something.
Something hits you but does no damage. The acid dragon closely misses you.
You block the acid dragon's attack.
As you read the scroll of teleportation, it crumbles to dust.
You feel strangely unstable. You block something's attack.
Something hits you but does no damage.
Your ufetubus hits something but does no damage.
Your ufetubus closely misses something.
Something hits you but does no damage. The acid dragon spits acid at you.
The splash of acid hits you!
You die...

.#.# ... ..# .. .#
#.## #..#
#%###########.##
#....ZD@{...#.#
##.#[)##.5.##.##.#
##" #.[##...#.. ##
#####.####.###
#...## ...##
#.#..###...
#..##..##... #..
##..##.## .##
##..#..#


You could see an acid dragon, a wyvern skeleton and a friendly ufetubus.

Vanquished Creatures
  Harold (D:7)
  A manticore (D:7)
  A hippogriff (D:7)
  A wraith (D:7)
  A phantom (D:5)
  3 ice beasts
  A necrophage (D:6)
  3 ogres
  2 centaurs
  2 bullfrogs
  2 scorpions
  2 howler monkeys
  2 crimson imps (D:6)
  A bullfrog zombie (D:5)
  A jelly (D:7)
  12 orc wizards
  3 hounds (D:4)
  Jessica (D:2)
  A centaur skeleton (D:4)
  An iguana (D:3)
  4 worker ants
  A hound zombie (D:5)
  Robin (D:2)
  A worker ant zombie (D:5)
  5 gnolls (D:4)
  11 adders
  An ooze (D:5)
  An adder zombie (D:7)
  An adder skeleton (D:5)
  3 worms
  A dart slug (D:1)
  2 leopard geckos
  8 orcs
  9 bats
  3 giant cockroaches
  20 goblins
  13 hobgoblins
  6 jackals
  2 quokkas
  2 ball pythons
  6 frilled lizards
  9 kobolds
  A leopard gecko zombie (D:5)
  7 rats
160 creatures vanquished.

Vanquished Creatures (collateral kills)
  A bullfrog (D:6)
  4 orc wizards (D:6)
  A howler monkey skeleton (D:7)
  A leopard gecko skeleton (D:6)
7 creatures vanquished.

Grand Total: 167 creatures vanquished

Notes
Turn   | Place    | Note
-------+----------+-------------------------------------------
     0 | D:1      | Kohma the Demonspawn Gladiator began the quest for the Orb.
     0 | D:1      | Reached XP level 1. HP: 16/16 MP: 1/1
   301 | D:1      | Reached skill level 3 in Polearms
   301 | D:1      | Gained mutation: You regenerate a little health from kills.
                  | [demonic ancestry]
   301 | D:1      | Reached XP level 2. HP: 19/22 MP: 2/2
   897 | D:2      | Found a basalt altar of Yredelemnul.
   926 | D:2      | Reached skill level 1 in Armour
   967 | D:2      | Found a white marble altar of Elyvilon.
   983 | D:2      | Gained mutation: You regenerate health from kills. [demonic
                  | ancestry]
   983 | D:2      | Reached XP level 3. HP: 10/27 MP: 3/3
  1453 | D:2      | Reached XP level 4. HP: 33/33 MP: 4/4
  1476 | D:2      | Found a glowing silver altar of Zin.
  1476 | D:2      | Noticed Jessica
  1494 | D:2      | Killed Jessica
  1581 | D:2      | Found a stormy altar of Qazlal.
  1598 | D:2      | Became a worshipper of Qazlal Stormbringer
  1657 | D:2      | Reached skill level 4 in Polearms
  1670 | D:2      | Noticed Robin
  1680 | D:2      | Killed Robin
  1726 | D:2      | Reached XP level 5. HP: 38/38 MP: 5/5
  2096 | D:3      | Found a snail-covered altar of Cheibriados.
  2097 | D:3      | Found an iron altar of Okawaru.
  2247 | D:3      | Found a shadowy altar of Dithmenos.
  2588 | D:4      | Reached * piety under Qazlal
  2623 | D:4      | Gained mutation: You have sharp fingernails. [demonic
                  | ancestry]
  2623 | D:4      | Reached XP level 6. HP: 39/44 MP: 6/6
  2682 | D:4      | Reached skill level 5 in Polearms
  3025 | D:4      | Reached ** piety under Qazlal
  3027 | D:4      | Reached skill level 6 in Polearms
  3233 | D:4      | Reached XP level 7. HP: 50/50 MP: 7/7
  3336 | D:4      | Found a burning altar of Makhleb.
  3484 | D:5      | Entered Level 5 of the Dungeon
  3593 | D:5      | Reached skill level 7 in Polearms
  3713 | D:5      | Reached skill level 1 in Invocations
  3728 | D:5      | Found a shattered altar of Ashenzari.
  3760 | D:5      | Found Ikenub's Distillery.
  3768 | D:5      | Gained mutation: A weak demonic guardian rushes to your
                  | aid. [demonic ancestry]
  3768 | D:5      | Reached XP level 8. HP: 52/57 MP: 9/9
  3867 | D:5      | Found an ancient bone altar of Kikubaaqudgha.
  4037 | D:6      | Found a sacrificial altar of Ru.
  4097 | D:6      | Reached skill level 8 in Polearms
  4225 | D:6      | Reached *** piety under Qazlal
  4929 | D:7      | Found Mihinic's Magic Scroll Shoppe.
  4933 | D:7      | Noticed Harold
  4959 | D:7      | Killed Harold
  4959 | D:7      | Reached skill level 5 in Fighting
  4959 | D:7      | Reached skill level 9 in Polearms
  4959 | D:7      | Reached skill level 5 in Invocations
  4959 | D:7      | Reached XP level 9. HP: 27/68 MP: 11/13
  4971 | D:7      | Bought a scroll of identify for 22 gold pieces
  4971 | D:7      | Bought a scroll of identify for 22 gold pieces
  4971 | D:7      | Bought a scroll of identify for 22 gold pieces
  4971 | D:7      | Bought 3 scrolls of identify for 66 gold pieces
  5078 | D:7      | Noticed a manticore
  5091 | D:7      | Reached skill level 10 in Polearms
  5113 | D:7      | Killed a manticore
  5127 | D:7      | HP: 1/69 [acid (14)]
  5129 | D:7      | Killed from afar by an acid dragon

Levels and vault maps discovered:
D:1:      dpeg_arrival_boxorama, layout_loops_ring
D:2:      layout_rooms, kennysheep_ying_yang, lemuel_doored_altar,
          grunt_qazlal_sundering, uniq_jessica, uniq_robin
D:3:      layout_basic, overflow_temple_1_default, grunt_temple_overflow_open,
          first_ration
D:4:      corexii_shantytown, layout_loops_ring, makhleb_heckhound_becter
D:5:      layout_gridville, lemuel_crystal_altar, serial_shops,
          kennysheep_little_box, ashenzari_altar_1
D:6:      minmay_flawed_box, layout_loops_corners,
          nicolae_ru_great_annihilating_truth
D:7:      minmay_the_grid_triangle_9x9_recursive_2
          [minmay_the_grid_triangle_9x9_prize_schism,
          minmay_the_grid_triangle_9x9_semitri,
          minmay_the_grid_triangle_9x9_fully_insulated_deathbox,
          minmay_the_grid_triangle_9x9_limited_checkers], layout_loops_corners,
          temple_hall, serial_shops, shop, nicolae_shop_behind_doors,
          shop_statue, shop_scrolls, minmay_misc_feat_five, uniq_harold

Skill      XL: |  1  2  3  4  5  6  7  8  9 |
---------------+----------------------------+-----
Polearms       | 3 4 6 7 9 10 | 10.3
Dodging        | 3 |  3.0
Armour         | 1 2 3 |  3.5
Invocations    | 2 5 7 |  7.2
Fighting       | 5 |  5.9
Throwing       | |  1.7

Action                   |  1- 3 |  4- 6 |  7- 9 || total
-------------------------+-------+-------+-------++-------
Melee: Trident           |   132 |   242 |   294 ||   668
Throw: Throwing net      |       |     3 |       ||     3
       Stone             |       |     1 |       ||     1
  Use: Scroll            |       |     8 |    13 ||    21
       Potion            |       |       |     3 ||     3
 Stab: Sleeping          |     1 |       |       ||     1
       Invisible         |       |       |     1 ||     1
       Paralysed         |       |       |     1 ||     1
  Eat: Chunk             |     2 |     6 |     6 ||    14
Armor: Leather armour    |    14 |       |       ||    14
       Scale mail        |    57 |   123 |    14 ||   194
       Pearl dragon scal |       |       |   140 ||   140
Dodge: Dodged            |   115 |   126 |   113 ||   354
Block: Other             |       |    11 |    39 ||    50

Table legend:
 A = Non-vault XP
 B = Vault XP
 C = Vault XP percentage of total XP
 D = Non-vault monster count
 E = Vault monster count
 F = Vault count percentage of total count
                 A         B        C        D         E       F
            +---------+---------+-------+---------+---------+-------
      Total |    2382 |    2731 |  53.4 |     106 |      61 |  36.5
            +---------+---------+-------+---------+---------+-------
        D:1 |      26 |       0 |   0.0 |      15 |       0 |   0.0
        D:2 |     107 |      65 |  37.8 |      25 |       9 |  26.5
        D:3 |      87 |       0 |   0.0 |      16 |       0 |   0.0
        D:4 |     434 |     156 |  26.4 |      20 |      29 |  59.2
        D:5 |     644 |       0 |   0.0 |      13 |       0 |   0.0
        D:6 |     639 |     471 |  42.4 |      12 |      16 |  57.1
        D:7 |     445 |    2039 |  82.1 |       5 |       7 |  58.3
            +---------+---------+-------+---------+---------+-------
